Map: 여명 - 래더 (공허의 유산)

Players

Beastyqt

  • Race: Terran Terran
  • Spawn Location: 1:00

Maru - Winner!

  • Race: Terran Terran
  • League: Diamond
  • Spawn Location: 7:00

Event: WESG 2016 Finals

VOD

Have the link to the VOD?

Description

Time

  • Played on: Jan. 12, 2017, 3:04 a.m.
  • Length: 18:15

All games in this series

Show
View Real Time Build Order
Export as new Build Order

Beastyqt Terran 

Build Orders: 1/1/1, Cyclone Opening, Mech 

Get SALT Encoding   

  12  0:00  SCV  
  13  0:12  SCV  
  14  0:17  Supply Depot  
  14  0:24  SCV  
  15  0:29  Refinery  
  15  0:39  SCV  
  16  0:45  Barracks  
  16  0:51  SCV  
  16  0:56  Refinery  
  17  1:03  SCV  
  18  1:15  SCV  
  19  1:32  Orbital Command  
  19  1:34  Factory  
  19  1:36  Reaper  
  20  1:45  Supply Depot  
  20  1:57  SCV  
  21  2:08  Reaper  
  21  2:09  SCV  
  23  2:18  Cyclone  
  23  2:21  SCV  
  27  2:24  Starport  
  27  2:31  Supply Depot  
  27  2:35  SCV  
  28  2:47  SCV  
  28  2:48  Barracks Tech Lab  
  28  2:49  Widow Mine  
  31  3:03  SCV  
  32  3:12  Command Center  
  32  3:21  Hellion  
  32  3:22  SCV  
  35  3:30  Raven  
  35  3:34  SCV  
  36  3:46  SCV  
  32  3:58  SCV  
  33  4:04  Command Center  
  33  4:09  Barracks Reactor  
  33  4:10  SCV  
  33  4:14  Raven  
  36  4:22  SCV  
  37  4:26  Orbital Command  
  37  4:34  SCV  
  38  4:46  SCV  
  38  4:51  SCV  
  40  4:54  Hellion x2  
  40  4:58  SCV  
  40  4:59  Factory  
  45  5:03  SCV  
  46  5:08  Barracks Reactor  
  46  5:11  SCV  
  45  5:14  Refinery  
  45  5:15  Refinery, Hellion x2  
  45  5:17  SCV  
  50  5:22  Orbital Command  
  50  5:26  SCV  
  51  5:30  Viking  
  51  5:33  SCV  
  54  5:39  SCV  
  54  5:40  Hellion  
  54  5:42  Hellion  
  59  5:45  SCV  
  60  5:51  SCV  
  60  5:52  SCV  
  60  5:56  Siege Tank  
  65  5:57  SCV  
  65  5:58  Supply Depot  
  65  6:03  SCV  
  67  6:05  Hellion  
  67  6:10  Supply Depot  
  69  6:17  Supply Depot  
  69  6:20  SCV x2, Engineering Bay  
  72  6:26  Viking  
  72  6:31  Viking  
  72  6:32  SCV  
  77  6:33  SCV  
  77  6:38  SCV  
  78  6:44  SCV  
  78  6:46  Supply Depot  
  79  6:48  Factory  
  79  6:49  SCV  
  79  6:53  Siege Tank  
  79  6:54  Sensor Tower  
  83  6:58  Viking  
  83  7:00  SCV  
  86  7:03  Viking  
  86  7:07  SCV  
  89  7:10  Hellion x2  
  93  7:21  SCV  
  94  7:23  Armory  
  94  7:24  Armory  
  94  7:26  Orbital Command  
  85  7:30  SCV  
  85  7:32  Siege Tank  
  85  7:33  SCV  
  83  7:42  SCV  
  84  7:44  Factory Tech Lab  
  84  7:45  Hellion x2  
  84  7:46  SCV  
  89  7:52  Factory, Viking x2  
  89  7:54  Factory, SCV  
  94  8:00  SCV  
  94  8:03  Infernal Pre-Igniter  
  95  8:06  SCV  
  95  8:09  Siege Tank  
  95  8:10  Hellion  
  101  8:19  SCV, Supply Depot x2  
  101  8:20  Supply Depot  
  101  8:25  Hellion  
  101  8:33  Refinery x2  
  101  8:38  Refinery, Factory Tech Lab, Factory Reactor  
  101  8:40  SCV x3  
  104  8:51  Terran Vehicle Weapons Level 1, Terran Vehicle And Ship Armor Level 1  
  104  8:53  SCV  
  104  8:55  Hellion, Siege Tank  
  110  8:58  Sensor Tower  
  110  9:03  Hellion  
  110  9:04  Hellion  
  110  9:05  Hellion  
  110  9:08  Viking  
  110  9:09  Viking  
  122  9:17  Hellion  
  122  9:22  Sensor Tower, Missile Turret  
  122  9:23  Supply Depot  
  122  9:24  Hellion, Supply Depot  
  124  9:35  Siege Tank  
  124  9:36  Supply Depot  
  124  9:38  Siege Tank  
  125  9:40  Hellion x2  
  125  9:41  Siege Tank  
  125  9:45  Hellion  
  127  9:46  Hellion  
  127  9:48  SCV  
  126  9:57  Viking  
  126  9:58  Viking  
  130  10:01  Hellion  
  126  10:07  Hellion  
  126  10:08  Hellion, Siege Tank  
  126  10:10  Siege Tank  
  126  10:12  Hellion  
  126  10:13  Siege Tank  
  125  10:25  Hellion  
  127  10:29  Hellion x2  
  127  10:30  Missile Turret  
  127  10:31  Missile Turret  
  127  10:33  Hellion  
  133  10:40  Siege Tank  
  133  10:42  Siege Tank  
  137  10:46  Hellion x2  
  141  10:50  Hellion x2  
  141  10:54  Terran Vehicle Weapons Level 2  
  141  10:55  Hellion  
  147  11:00  Supply Depot x2  
  147  11:02  Viking  
  147  11:04  Viking  
  147  11:08  Hellion  
  147  11:10  Siege Tank  
  148  11:21  Command Center, Siege Tank  
  151  11:27  Siege Tank  
  151  11:28  Hellion  
  151  11:29  Hellion x2  
  160  11:34  Hellion  
  143  11:42  Siege Tank  
  121  11:49  Hellion  
  121  11:50  Hellion x2  
  121  11:52  Viking  
  121  11:53  Siege Tank  
  120  11:59  SCV, Viking, Siege Tank  
  120  12:00  Terran Vehicle And Ship Armor Level 2  
  126  12:12  Hellion  
  126  12:13  Hellion x2  
  126  12:14  Siege Tank  
  135  12:16  Hellion  
  137  12:28  Hellion  
  139  12:31  Siege Tank  
  139  12:34  Hellion x2  
  139  12:35  Hellion  
  148  12:38  SCV  
  148  12:40  Viking x2  
  153  12:46  Siege Tank  
  153  12:48  Hellion  
  158  12:56  Siege Tank  
  158  12:57  Hellion  
  158  12:58  Hellion  
  165  13:07  Siege Tank  
  165  13:08  Hellion  
  165  13:11  Hellion  
  158  13:13  SCV  
  153  13:20  Planetary Fortress  
  153  13:24  Viking x2  
  153  13:35  Sensor Tower x2  
  151  13:41  Refinery  
  151  13:42  Refinery  
  151  13:44  Missile Turret  
  151  13:46  Missile Turret  
  151  13:48  Missile Turret  
  151  14:05  Starport  
  151  14:06  Starport  
  151  14:07  Missile Turret  
  151  14:13  Thor, Viking x2  
  161  14:19  Hellion x2  
  165  14:30  Terran Vehicle Weapons Level 3  
  165  14:32  Terran Vehicle And Ship Armor Level 3  
  165  14:44  Missile Turret  
  165  14:46  Hellion, Siege Tank  
  165  14:48  Hellion, Missile Turret  
  165  14:49  Hellion  
  154  14:53  Hellion  
  154  14:56  Hellion  
  154  14:59  Starport Tech Lab  
  147  15:00  Starport Tech Lab  
  147  15:05  Widow Mine  
  149  15:12  Hellion x3  
  149  15:24  Corvid Reactor, Raven  
  149  15:27  Hellion x2  
  155  15:32  SCV  
  155  15:34  Siege Tank  
  155  15:35  Hellion x4  
  149  15:48  Hellion x2  
  148  15:56  Hellion, Siege Tank  
  121  16:00  Hellion  
  121  16:01  Hellion  
  107  16:06  Raven  
  107  16:07  Hellion  
  108  16:20  Viking  
  108  16:21  Viking  
  108  16:22  Siege Tank  
  113  16:28  Hellion, Siege Tank x2  
  121  16:45  Hellion x2  
  119  16:51  Viking x2, Raven  
  119  16:54  Siege Tank  
  121  17:00  Siege Tank  
  121  17:01  Siege Tank  
  126  17:04  Hellion x2  
  126  17:21  Hellion  
  126  17:22  Hellion  
  130  17:26  Siege Tank  
  130  17:27  Hellion x2  
  130  17:29  SCV  
  138  17:32  Siege Tank  
  141  17:39  Viking  
  141  17:43  Hellion  
  139  17:46  SCV  
  139  17:47  Orbital Command  
  138  17:58  SCV  
Show
View Real Time Build Order
Export as new Build Order

Maru Terran - Winner!

Build Orders: Cyclone Opening, Reaper Expand, MMM Bio 

Get SALT Encoding   

  12  0:00  SCV  
  13  0:13  SCV  
  14  0:18  Supply Depot  
  14  0:25  SCV  
  15  0:30  Refinery  
  15  0:40  SCV  
  16  0:45  Barracks  
  16  0:52  SCV  
  17  1:04  SCV  
  18  1:16  SCV  
  19  1:32  Orbital Command, Reaper  
  20  1:46  Command Center  
  20  1:58  SCV  
  21  2:02  Factory  
  21  2:08  Refinery  
  21  2:10  SCV  
  21  2:14  Barracks Reactor  
  22  2:21  Supply Depot  
  23  2:22  SCV  
  23  2:42  SCV  
  24  2:45  Cyclone  
  27  2:52  Marine x2  
  27  2:55  SCV  
  27  2:57  Starport  
  30  3:05  Orbital Command  
  30  3:07  SCV  
  31  3:12  Marine x2  
  31  3:19  SCV  
  34  3:23  Factory Tech Lab  
  34  3:31  SCV  
  34  3:32  Marine  
  33  3:41  SCV  
  32  3:44  Viking  
  32  3:47  Siege Tank  
  36  3:48  SCV  
  36  3:53  Marine  
  36  3:54  Marine  
  39  3:56  SCV  
  39  4:00  SCV  
  41  4:07  Supply Depot  
  41  4:08  SCV  
  42  4:13  SCV  
  43  4:20  SCV  
  43  4:21  Barracks Tech Lab  
  44  4:25  SCV  
  44  4:27  Barracks  
  44  4:28  Barracks  
  44  4:29  Starport Reactor  
  45  4:32  SCV  
  45  4:35  Siege Tank  
  45  4:37  SCV  
  50  4:41  Supply Depot  
  50  4:44  SCV  
  50  4:45  Stimpack  
  51  4:49  SCV  
  50  4:53  Marine  
  50  4:56  SCV  
  50  4:59  Engineering Bay  
  52  5:00  Refinery x2  
  52  5:01  SCV  
  49  5:08  SCV  
  49  5:13  SCV  
  51  5:15  Starport Reactor  
  51  5:18  Supply Depot  
  51  5:20  SCV  
  52  5:21  Marine  
  52  5:22  Marine x4  
  52  5:25  SCV, Terran Infantry Weapons Level 1  
  52  5:26  Supply Depot  
  58  5:33  SCV  
  59  5:36  Refinery  
  59  5:37  SCV  
  59  5:40  Siege Tank  
  59  5:42  Supply Depot  
  63  5:45  SCV  
  63  5:49  Marine x3, SCV  
  68  5:57  SCV  
  68  5:58  Missile Turret  
  68  6:00  Missile Turret  
  68  6:01  Medivac  
  71  6:06  Medivac  
  71  6:07  Marine  
  75  6:11  SCV x2  
  75  6:13  Supply Depot  
  75  6:17  Marine x2  
  75  6:18  Marine  
  79  6:21  Marine  
  79  6:25  Siege Tank  
  83  6:26  SCV  
  83  6:30  Supply Depot  
  83  6:31  SCV  
  85  6:38  SCV  
  86  6:43  SCV  
  86  6:45  Marine x5, Combat Shields  
  92  6:53  Supply Depot  
  92  6:59  Command Center  
  92  7:06  Medivac  
  92  7:07  Medivac  
  96  7:09  SCV x2  
  98  7:15  Supply Depot  
  98  7:18  Marine  
  98  7:19  Marine  
  98  7:22  Terran Infantry Armor Level 1  
  92  7:32  Marine x2  
  92  7:33  SCV x2  
  80  7:41  Viking x2  
  78  7:45  SCV  
  78  7:46  SCV  
  77  7:51  Barracks  
  77  7:52  Barracks  
  77  8:00  SCV x2  
  79  8:06  Concussive Shells  
  79  8:07  Marine, Armory  
  79  8:08  Marauder, Marine, Engineering Bay  
  79  8:09  Marine  
  84  8:17  SCV  
  84  8:22  Marine  
  84  8:24  Medivac  
  84  8:29  Marauder  
  84  8:31  Marine x2  
  84  8:32  Marine  
  84  8:33  Orbital Command  
  86  8:34  SCV x2  
  86  8:39  Barracks Tech Lab  
  86  8:40  Marine, Marauder  
  91  8:42  Barracks x2  
  91  8:45  Barracks  
  91  8:47  SCV x2  
  93  8:50  Marauder  
  95  9:00  SCV  
  95  9:01  Supply Depot x2  
  95  9:02  Marauder x2, Marine x4  
  101  9:08  Medivac  
  101  9:09  Medivac  
  108  9:14  Terran Infantry Weapons Level 2  
  108  9:15  Marine  
  109  9:20  Marine x3, Terran Infantry Armor Level 2  
  109  9:21  Marine  
  109  9:23  Marine  
  114  9:33  Barracks Tech Lab, Barracks Reactor  
  114  9:34  Barracks Tech Lab  
  114  9:37  Marine, Marauder  
  114  9:38  Marine x2  
  115  9:39  Marine x2  
  115  9:41  Marauder  
  109  9:53  Marauder x2  
  109  9:55  Marauder  
  109  9:56  Marine x2  
  109  9:57  Command Center  
  117  10:00  Marine x2, Marauder  
  117  10:01  Medivac  
  117  10:03  Marauder, Medivac  
  120  10:11  Marine  
  120  10:12  Marine  
  109  10:14  Marauder x2, Marine  
  109  10:17  Marauder  
  109  10:20  Marine  
  117  10:22  Marauder, Missile Turret  
  117  10:24  Marauder  
  121  10:29  Supply Depot  
  121  10:30  Marine x3  
  121  10:31  Marine  
  127  10:36  Marauder x2  
  127  10:38  Marine, Marauder  
  127  10:41  Medivac, Missile Turret  
  134  10:42  Medivac  
  134  10:43  Marauder  
  134  10:45  Marauder  
  134  10:48  Marine  
  134  10:49  Marine  
  122  10:50  Marine  
  122  10:52  Marine x2  
  122  10:55  SCV  
  122  10:56  Marine, SCV  
  123  10:57  Marauder x2  
  123  10:59  Marauder  
  122  11:04  Marine  
  122  11:07  Marine, Marauder  
  122  11:08  SCV  
  122  11:09  SCV  
  127  11:14  Marine x3  
  130  11:22  Marine  
  130  11:23  Marauder, Marine  
  130  11:24  Marauder x2  
  130  11:25  SCV  
  139  11:27  SCV x2  
  139  11:32  Marine  
  137  11:33  Marauder  
  137  11:37  Marine x2, SCV, Marauder  
  137  11:38  Marine  
  124  11:40  Marine  
  124  11:42  Marine  
  124  11:44  Marauder  
  124  11:45  Marine x2  
  114  11:50  Marine, SCV x2  
  114  11:52  SCV  
  114  11:54  Marauder, Marine, Planetary Fortress  
  114  11:56  Marine  
  114  11:59  Marauder, Medivac  
  114  12:00  Medivac  
  124  12:01  Marine  
  124  12:02  Marine  
  126  12:11  Command Center  
  126  12:15  Marine  
  126  12:16  Marauder, Supply Depot  
  126  12:18  Marine  
  130  12:24  Terran Infantry Weapons Level 3  
  130  12:29  Terran Infantry Armor Level 3, Medivac  
  132  12:30  Marine x2  
  132  12:35  Marine x2  
  132  12:36  Marauder, Marine  
  139  12:46  Marauder x4  
  139  12:47  Marine  
  139  12:48  Marine  
  148  12:52  Marine  
  148  12:53  Marine x2  
  148  12:55  Medivac  
  148  12:57  Marauder  
  155  12:59  Medivac  
  155  13:00  Marine  
  155  13:04  Marine  
  158  13:05  Marine  
  158  13:07  Marauder  
  158  13:12  Marine x2, Marauder x2  
  162  13:15  Marine  
  162  13:16  Marauder  
  162  13:18  Marine, Marauder  
  157  13:22  Marine  
  157  13:23  Marine  
  157  13:26  SCV x2  
  160  13:29  Marauder  
  160  13:30  Marine x2  
  160  13:33  Marine  
  160  13:34  Marauder x2  
  169  13:38  Marine, Marauder  
  169  13:40  Marauder  
  174  13:43  Marine  
  174  13:45  Marine  
  176  13:50  Marauder  
  176  13:55  Marauder x2  
  182  13:59  Marine x2  
  182  14:00  Marauder  
  182  14:01  Marauder  
  188  14:03  Marine x2  
  188  14:08  Planetary Fortress  
  188  14:09  Marine x2  
  191  14:11  Marauder  
  194  14:17  Marine  
  195  14:28  Supply Depot  
  195  14:44  Marine  
  195  14:45  Marine x2, Marauder x2  
  194  14:46  Marine x2, Marauder x2  
  194  14:47  Marauder  
  194  14:48  Marine  
  115  15:00  Medivac x2  
  115  15:02  Marine x2  
  115  15:03  Marine  
  115  15:04  Marine x2, SCV x3, Refinery x2  
  115  15:05  Barracks x2  
  115  15:06  Barracks, Marine, Marauder x2  
  132  15:07  Marauder x2  
  132  15:08  Marauder  
  138  15:16  SCV  
  138  15:20  Marine x3  
  138  15:21  Marine x2  
  138  15:24  Marine  
  138  15:27  Marauder x2  
  135  15:29  Marauder x3  
  136  15:38  Marine x3, SCV  
  136  15:39  Marine x2, SCV  
  136  15:42  Marine  
  129  15:49  Marauder x2  
  128  15:50  Marauder x2  
  128  15:51  Marauder  
  128  15:55  Marine  
  128  15:56  Marine x2  
  129  15:57  Marine x2  
  129  15:59  Marine  
  121  16:06  SCV x3  
  121  16:10  Marauder x2  
  125  16:11  Marauder x2  
  125  16:12  Marauder  
  125  16:13  Marine  
  125  16:14  Refinery x2, Marine x2  
  125  16:15  Marine x2  
  125  16:17  Marine  
  137  16:25  Barracks  
  137  16:26  Barracks  
  137  16:28  Barracks  
  137  16:30  Medivac  
  137  16:31  Marine, Medivac  
  137  16:32  Marine x2, Marauder x2  
  148  16:33  Marine x2, Marauder x2  
  148  16:34  Marauder  
  148  16:35  Marine  
  148  16:49  Marine x3  
  148  16:50  Marine  
  148  16:51  Marine  
  148  16:53  Marine, SCV x2, Marauder x2  
  157  16:54  Marauder x2  
  157  16:55  Marauder  
  161  17:07  Marine x3  
  164  17:08  Marine  
  164  17:09  Medivac x2  
  164  17:14  Marauder x2  
  175  17:16  Marauder  
  175  17:17  Marine x3  
  175  17:18  Marauder  
  180  17:28  Marine x2  
  182  17:30  Marine x2  
  182  17:36  Barracks Tech Lab x2, Marauder x3, Barracks Reactor  
  184  17:44  Marine x2, Marauder x2  
  170  17:48  Marine x2  
  170  17:49  Marine  
  170  17:50  Marine  
  172  17:57  Marine  
Tags
 
Add a new tag
Caveats
  • Supply blocks, unpowered buildings, or Contaminate may cause inaccurate times.
  • Supply counts are checked every 10 seconds.